woodfighter, chaotic female elven Rogue ------ |...<| |....| ------- #-.[..| ------ |%.(%.-- ###|..|.| #-....| |.)%.[%| # --^.-- ###|.{..| |%%.%..| ### # # |....+ |)%.uQQ| # # ######-....| --.%%@.Qf#### # ## |<...| ------- # #### ------ # ## # #### # ## ## #### --.-- ## |....### |...| ----- woodfighter the Rogue Experience level: 7 Strength: 17 Dexterity: 19 Constitution: 16 Intelligence: 9 Wisdom: 10 Charisma: 7 Health: 0(53) Energy: 34(34) Def: 6 Gold: 0 Moves: 5703 Dungeon seed: rhUGfEV17euhxnZx Game ID: woodfighter_1515679225 Your Inventory: Amulets d - a cursed amulet of reflection (being worn) Weapons a - a +0 elven short sword (weapon in hand) b - 13 +0 elven daggers (in quiver) Armor e - an uncursed +2 leather armor (being worn) q - a blessed +0 mummy wrapping (being worn) z - an uncursed +0 orcish helm (being worn) N - an uncursed +0 elven shield (being worn) Comestibles o - an uncursed food ration A - 3 uncursed lembas wafers F - an uncursed fortune cookie I - 5 uncursed tripe rations Rings t - an uncursed ring of poison resistance (on left hand) P - an uncursed ring of searching (on right hand) Wands n - a wand of magic missile (0:2) Tools g - an uncursed blindfold k - a +0 pick-axe s - an uncursed bag of holding y - an uncursed lock pick Contents of the bag of holding: 39 gold pieces an uncursed scroll of fire an uncursed scroll of scare monster Spells and supernatural/magical abilities: Name Level Category Fail Memory W - pray for help -- divine ? -- Your skills at the end: Miscellaneous Skills wands [Basic] Weapon Skills dagger [Basic] short sword [Basic] Spellcasting Skills Final Attributes: You were piously aligned. You were fire resistant. You were sleep resistant. You were poison resistant. Your writing hand was ok. You were telepathic. You had automatic searching. You had infravision. You were stealthy. You had reflection. You are dead. Vanquished creatures: 2 giant mimics a large dog a giant beetle a dingo 10 bugbears a baby crocodile a fog cloud 2 gnome lords 2 gnomish wizards 2 kobold mummies a red naga hatchling 2 floating eyes 2 homunculi 2 kobold lords a kobold shaman 2 iguanas 3 hill orcs a jitterbug 2 giant bats 5 orc zombies a wererat a werejackal 2 coyotes a gas spore 2 hobbits 3 acid blobs 3 large kobolds 2 geckos 10 hobgoblins a giant rat 5 cave spiders 2 yellow molds 2 green molds 2 gnomes 2 garter snakes a gnome zombie 10 jackals a fox 6 kobolds 11 newts 4 goblins 10 sewer rats 8 grid bugs a bat 9 lichens 4 kobold zombies 148 creatures vanquished. Voluntary challenges: You did not cause conflict. You were not invisible. You did not have reflection until turn 5342. You were not displaced. You had been an atheist until turn 2244. You used a wielded weapon 192 times, starting on turn 149. You did not apply a unicorn horn. You did not use plumbed fixtures. You did not drink any magical draughts. You read items or engraved 2 times, starting on turn 2241. You never genocided any monsters. You never polymorphed an object. You never changed form. You completed Sokoban on turn 5258, according to the rules. You used no wishes. You never split a pudding. You never wrote Elbereth's name. You never violated your personal moral code. Dungeon overview: The Dungeons of Doom: levels 1 to 6 Level 1 a fountain a long staircase Level 2 stairs to The Gnomish Mines Level 3 Level 4 Level 5 many fountains Level 6 <- You were here a fountain, a throne stairs to Sokoban The Gnomish Mines: Level 3 stairs to The Dungeons of Doom Sokoban: levels 2 to 5 Level 2 a magic chest Level 3 Level 4 Level 5 an altar to Mog, a magic chest stairs to The Dungeons of Doom History has recorded: On T:1 you entered the Dungeons of Doom to retrieve the Amulet of Yendor! On T:24 you reached level 2 of The Dungeons of Doom. On T:373 you reached level 3 of The Dungeons of Doom. On T:395 you reached level 1 of The Gnomish Mines. On T:812 you advanced to experience level 2. On T:854 you reached level 4 of The Dungeons of Doom. On T:1214 you reached level 5 of The Dungeons of Doom. On T:1217 you advanced to experience level 3. On T:1572 you advanced to experience level 4. On T:1866 you reached level 6 of The Dungeons of Doom. On T:2119 you reached level 4 of Sokoban. On T:2146 you advanced to experience level 5. On T:2238 you opened a magic chest. On T:2676 you reached level 3 of Sokoban. On T:3394 you reached level 2 of Sokoban. On T:4017 you reached level 1 of Sokoban. On T:4079 you advanced to experience level 6. On T:5258 you advanced to experience level 7. On T:5258 you entered the Sokoban zoo. On T:5598 you prayed to Kos. Score breakdown: Gold: 39 ( 3 points) Experience: 7 levels ( 600 points) Exploration: 6 levels ( 150 points) Discoveries: 19 items ( 950 points) Variety of kills: 46 monsters ( 2000 points) Major goal: finished Sokoban ( 1000 points) Survival: died (score multiplied by 3) Total score: 14109 Latest messages: You feel somehow out of place... You sit on the opulent throne. You feel somehow out of place... You sit on the opulent throne. You feel a strange sensation. You sit on the opulent throne. You are granted an insight! k - a +0 pick-axe. l - an uncursed scroll of fire. m - an uncursed scroll of scare monster. n - a wand of magic missile (0:2). o - an uncursed food ration. q - a blessed +0 mummy wrapping (being worn). s - an uncursed bag of holding. t - an uncursed ring of poison resistance (on left hand). z - an uncursed +0 orcish helm (being worn). N - an uncursed +0 elven shield (being worn). P - an uncursed ring of searching (on right hand). You put an uncursed scroll of scare monster into the bag of holding. You put an uncursed scroll of fire into the bag of holding. You sit on the opulent throne. A massive electric shock shoots through your body! You die... Final status: Goodbye woodfighter the Rogue, killed by an electric chair... You died in The Dungeons of Doom on dungeon level 6 with 14109 points, and 39 pieces of gold, after 5703 moves. You were level 7 with a maximum of 53 hit points when you died.